 Dungeon Crawl Stone Soup version 0.29.1-1-gd02db6906a (webtiles) character file.

Game seed: 14433876761139347523

65 MisterFreud the Twirler (level 4, -5/25 (33) HPs)
             Began as a Formicid Gladiator on Sept 22, 2022.
             Slain by a gnoll
             ... wielding a +0 spear
              (7 damage)
             ... on level 2 of the Dungeon.
             The game lasted 00:02:07 (1880 turns).

MisterFreud the Twirler (Formicid Gladiator)        Turns: 1880, Time: 00:02:08

HP:   -5/25 (33)    AC:  3    Str: 21    XL:     4   Next: 34%
MP:   4/4           EV: 12    Int:  7    God:
Gold: 140           SH:  0    Dex: 15    Spells: 3/3 levels left

rFire   . . .      SeeInvis +   a - +0 quarterstaff
rCold   . . .      Faith    .   (no shield)
rNeg    . . .      Spirit   .   b - +0 leather armour
rPois   .          Reflect  .   (helmet unavailable)
rElec   .          Harm     .   (no cloak)
rCorr   .          Rampage  .   (no gloves)
Will    .....                   (no boots)
Stlth   +.........              (no amulet)
HPRegen 0.08/turn               (no ring)
MPRegen 0.09/turn               (no ring)

@: heavily drained
A: permanent stasis, dig shafts and tunnels, antennae 3, four strong arms
a: Dig, Shaft Self


You were on level 2 of the Dungeon.
You visited 1 branch of the dungeon, and saw 2 of its levels.

You collected 140 gold pieces.

Inventory:

Hand Weapons
 a - a +0 quarterstaff (weapon)
Missiles
 c - 3 throwing nets (quivered)
 d - a javelin
 k - 6 poisoned darts
Armour
 b - a +0 leather armour (worn)
Scrolls
 e - 2 scrolls of identify {unknown}
 g - a scroll of poison {unknown}
 i - a scroll of enchant weapon {unknown}
Potions
 f - a potion of heal wounds
 h - 2 potions of curing {unknown}
 j - a potion of mutation {unknown}


   Skills:
 - Level 2.1 Fighting
 + Level 4.9 Staves
 - Level 2.0 Throwing
 - Level 2.6 Dodging


You had 3 spell levels left.
You didn't know any spells.
Your spell library was empty.

Dungeon Overview and Level Annotations

Branches:
Dungeon (2/15)

Altars:

Shops:
D:2 [=[*

Annotations:
D:2 1 runed translucent door, Crazy Yiuf


Innate Abilities, Weirdness & Mutations

You cannot be hasted, slowed, berserked, paralysed or teleported.
You can dig through walls and to a lower floor.
You have a pair of large antennae on your head. (SInv)
Your four strong arms can wield two-handed weapons with a shield.


Message History

You kill the hobgoblin!
No target in view!
You start resting.
HP restored.
Found three hammers.
There is an escape hatch in the floor here.
You sense a monster nearby.
You see here a +0 hammer.
Found a runed translucent door.
Crazy Yiuf shouts!
You sense a monster nearby.
You see here a +0 hammer.
A gnoll is nearby!
A gnoll is nearby!
The gnoll shouts!
Found a stone staircase leading down.
The gnoll hits you from afar with a +0 spear!
The gnoll hits you with a +0 spear.
You hit the gnoll.
The gnoll is lightly wounded.
The gnoll hits you with a +0 spear.
You are too injured to fight recklessly!
You are too injured to fight recklessly!
You are too injured to fight recklessly!
You completely miss the gnoll.
The gnoll is lightly wounded.
The gnoll hits you with a +0 spear.
* * * LOW HITPOINT WARNING * * *
The gnoll barely misses you.
You hit the gnoll. Your punch misses the gnoll.
The gnoll is heavily wounded.
The gnoll hits you with a +0 spear.
* * * LOW HITPOINT WARNING * * *
You hit the gnoll but do no damage.
The gnoll is heavily wounded.
The gnoll closely misses you.
You hit the gnoll.
The gnoll is heavily wounded.
The gnoll hits you with a +0 spear!
You die...

)..###
##)......##.##
## ####...###.#
##.## #.# #.#
#.# #.# #.# #.#
#.# #.####.#
#...# #.###@# #.
#g.......
#.##...#####.
#.......##
....>...
#.##..### ####
####.##..#
....###...∩.)..#
........##.###.#


You could see a gnoll.

Vanquished Creatures
  2 gnolls (D:2)
  2 adders (D:2)
  2 ball pythons
  An endoplasm (D:1)
  A goblin (D:1)
  5 hobgoblins
  2 quokkas
  5 bats
  A frilled lizard (D:1)
  5 kobolds
  4 rats
30 creatures vanquished.

Notes
Turn   | Place    | Note
-------+----------+-------------------------------------------
     0 | D:1      | MisterFreud the Formicid Gladiator began the quest for the
                  | Orb.
     0 | D:1      | Reached XP level 1. HP: 16/16 MP: 1/1
   197 | D:1      | Reached XP level 2. HP: 16/22 MP: 2/2
   566 | D:1      | Found a faded altar of an unknown god.
   858 | D:2      | Found Calet's Antique Armour Shoppe.
   860 | D:2      | Reached skill level 4 in Staves
   860 | D:2      | Reached XP level 3. HP: 23/27 MP: 3/3
  1333 | D:2      | Found Sute's Jewellery Emporium.
  1479 | D:2      | Found Manietu's Antique Armour Shoppe.
  1485 | D:2      | Found Ofrupy's General Store.
  1497 | D:2      | Reached XP level 4. HP: 25/33 MP: 4/4
  1856 | D:2      | Found a runed translucent door.
  1857 | D:2      | Noticed Crazy Yiuf
  1880 | D:2      | Slain by a gnoll

Illustrated notes

Levels and vault maps discovered:
D:1:      wander_arrival_chamber, layout_loops_ring,
          shapermc_ecumenical_altar_venn
D:2:      layout_loops_ring, serial_shops, shop_coins, nicolae_shop_crystal,
          nicolae_shop_behind_doors, nicolae_shop_advertising_works
          [nicolae_subvault_shop_adworks], uniq_crazy_yiuf_cottage

Skill      XL: |  1  2 |
---------------+-------+-----
Staves         | 4 |  4.9
Fighting       | |  2.1
Throwing       | |  2.0
Dodging        | |  2.6

Action                   |  1- 3 |  4- 6 || total
-------------------------+-------+-------++-------
Melee: Quarterstaff      |    75 |    18 ||    93
 Abil: Dig               |       |     1 ||     1
  Use: Potion            |       |     1 ||     1
 Stab: Sleeping          |     2 |       ||     2
Armor: Leather armour    |    18 |     3 ||    21
Dodge: Dodged            |    39 |    11 ||    50
